 Dungeon Crawl Stone Soup version 0.30-a0-782-ge64f9170bb (webtiles) character file.

Game seed: 9991721284652388632

85 KleinerIrrer the Chiller (level 4, -6/30 HPs)
             Began as a Demonspawn Ice Elementalist on Feb 22, 2023.
             Splashed by a jelly's acid (9 damage)
             ... on level 3 of the Dungeon.
             The game lasted 00:05:27 (1575 turns).

KleinerIrrer the Chiller (DsIE)                     Turns: 1575, Time: 00:05:28

Health: -6/30      AC: -5    Str:  9    XL:     4   Next: 25%
Magic:  7/8        EV: 11    Int: 18    God:
Gold:   52         SH:  0    Dex: 13    Spells: 2/9 levels left

rFire   . . .      SeeInvis .    k - +3 dagger (speed)
rCold   + . .      Faith    .    (no shield)
rNeg    . . .      Spirit   .    d - +0 leather armour
rPois   .          Reflect  .    (no helmet)
rElec   .          Harm     .    (no cloak)
rCorr   .          Rampage  .    (no gloves)
Will    .....                    (no boots)
Stlth   ++                       (no amulet)
HPRegen 0.25/turn                p - ring of protection from cold
MPRegen 0.11/turn                (no ring)

@: corroded
A: claws 2, powered by death 1
a: no special abilities


You were on level 3 of the Dungeon.
You visited 1 branch of the dungeon, and saw 3 of its levels.

You collected 52 gold pieces.

Inventory:

Hand Weapons
 g - a +0 dagger
 k - a +3 dagger of speed (weapon)
Missiles
 m - 2 throwing nets
Armour
 a - a +0 robe
 d - a +0 leather armour (worn)
 n - an orb of energy
Jewellery
 p - a ring of protection from cold (left claw)
Scrolls
 c - a scroll of torment {unknown}
 e - a scroll of magic mapping {unknown}
 f - 2 scrolls of enchant weapon {unknown}
 h - a scroll of fear {unknown}
 j - a scroll of identify {unknown}
 q - a scroll of fog {unknown}
 s - a scroll of teleportation {unknown}
 t - a scroll of amnesia {unknown}
Potions
 b - 2 potions of magic
 i - a potion of haste {unknown}
 l - a potion of heal wounds
 o - a potion of lignification {unknown}
 r - a potion of mutation {unknown}


   Skills:
 - Level 1.7 Dodging
 - Level 1.7 Stealth
 + Level 3.3 Spellcasting
 + Level 4.5 Ice Magic


You had 2 spell levels left.
You knew the following spells:

 Your Spells              Type           Power      Damage    Failure   Level
a - Freeze                Ice            76%        1d8       3%          1
b - Frozen Ramparts       Ice            38%        1d6       11%         3
c - Ozocubu's Armour      Ice            19%        N/A       11%         3

Your spell library contained the following spells:

 Spells                   Type           Power      Damage    Failure   Level
 Kiss of Death            Conj/Necr      8%         2d6       22%         1
 Confusing Touch          Hex            2%         N/A       56%         3
 Summon Ice Beast         Ice/Summ       11%        N/A       65%         4
 Dispel Undead            Necr           2%         3d7       92%         4


Dungeon Overview and Level Annotations

Branches:
Dungeon (3/15)

Altars:
Xom


Innate Abilities, Weirdness & Mutations

You have very sharp fingernails.
You regenerate a little health from kills.


Message History

Press: ? - help, Shift-Dir - straight line, f - jelly
Aim: a jelly You freeze the jelly.
The jelly is lightly wounded.
The goblin shouts!
You hear a shout! x3
An orc priest comes into view. It is wielding a +0 club.
The jelly misses you.
Casting: Freeze (safe; 3% risk of failure)
Confirm with . or Enter, or press ? or * to list all spells.
Aiming: Freeze (safe; 3% risk of failure)
Press: ? - help, Shift-Dir - straight line, f/p - jelly
Aim: a jelly (lightly wounded)
You freeze the jelly!
The jelly is severely wounded.
The orc priest shouts!
A hobgoblin comes into view.
An orc wizard comes into view. It is wielding a +0 dagger.
The jelly hits you.
You are splashed with acid!
The jelly attacks as you move away! The jelly hits you.
You are splashed with acid!
An orc comes into view. It is wielding a +0 hand axe.
The jelly attacks as you move away! The jelly hits you.
* * * LOW HITPOINT WARNING * * *
The acid corrodes you!
You are splashed with acid!
* * * LOW HITPOINT WARNING * * *
A dart slug comes into view.
You see here a scroll labelled WONWEXAUMO.
Okay, then.
Okay, then.
It was a potion of heal wounds.
You feel much better. The jelly hits you. The acid corrodes you!
You are splashed with acid!
The orc priest mumbles some strange prayers to Beogh against you.
Beogh smites you!
* * * LOW HITPOINT WARNING * * *
The jelly attacks as you move away! The jelly barely misses you.
The jelly attacks as you move away! The jelly closely misses you.
The jelly attacks as you move away! The jelly hits you.
* * * LOW HITPOINT WARNING * * *
The acid corrodes you!
You are splashed with acid!
You die...

#o.# ..###.. #
##o######....... #
.. #..##....# .#.
##.?o.#### ..####
####o.# #...#
##...w#
#...###..##l#
#...#...###J#
#.....#####@#####
#...#####.......##
#.....##......<..##
#...#.............#
#...###<..........#
#...# #...........#
##### ##.........##
##...#...##
#########


You could see a jelly, an orc priest, a dart slug, an orc and a frilled lizard.

Vanquished Creatures
  An orc priest (D:2)
  4 orcs (D:2)
  7 endoplasms
  3 giant cockroaches
  3 goblins
  5 hobgoblins
  2 jackals (D:3)
  2 quokkas (D:2)
  4 ball pythons
  5 bats
  3 frilled lizards (D:2)
  6 kobolds
  A rat (D:1)
46 creatures vanquished.

Notes
Turn   | Place    | Note
-------+----------+-------------------------------------------
     0 | D:1      | KleinerIrrer the Demonspawn Ice Elementalist began the
                  | quest for the Orb.
     0 | D:1      | Reached XP level 1. HP: 13/13 MP: 3/3
   278 | D:1      | Found a faded altar of an unknown god.
   290 | D:1      | Gained mutation: You regenerate a little health from kills.
                  | [demonic ancestry]
   290 | D:1      | Reached XP level 2. HP: 19/19 MP: 3/5
   720 | D:1      | Reached skill level 4 in Ice Magic
   872 | D:2      | Gained mutation: You have sharp fingernails. [demonic
                  | ancestry]
   872 | D:2      | Reached XP level 3. HP: 24/24 MP: 7/7
   964 | D:2      | Gained mutation: You have very sharp fingernails. [demonic
                  | ancestry]
   964 | D:2      | Reached XP level 4. HP: 28/30 MP: 1/8
  1144 | D:2      | Learned a level 3 spell: Frozen Ramparts
  1148 | D:2      | Learned a level 3 spell: Ozocubu's Armour
  1208 | D:2      | Found a shimmering altar of Xom.
  1575 | D:3      | Splashed by a jelly's acid

Illustrated notes

Levels and vault maps discovered:
D:1:      dpeg_arrival_court, layout_basic, ebering_ecumenical_altar_webs
D:2:      kennysheep_big_flooded_room, layout_basic, basic_altar,
          dreamdust_princess_bridge
D:3:      layout_rooms, kennysheep_generic_room_16

Skill      XL: |  1  2  3 |
---------------+----------+-----
Ice Magic      | 4 |  4.5
Spellcasting   | 3 |  3.3
Dodging        | |  1.7
Stealth        | |  1.7

Action                     |  1- 3 |  4- 6 || total
---------------------------+-------+-------++-------
  Melee: Dagger            |    40 |    52 ||    92
         Punch             |       |     2 ||     2
   Cast: Freeze            |    30 |     6 ||    36
    Use: Potion            |       |     1 ||     1
   Stab: Sleeping          |     2 |     1 ||     3
 Armour: Leather armour    |    26 |     9 ||    35
  Dodge: Dodged            |    41 |    26 ||    67

Table legend: (Time is in decaauts)
 A = Elapsed time spent in this place.
 B = Non-inter-level travel time spent in this place.
 C = Inter-level travel time spent in this place.
 D = Time resting spent in this place.
 E = Time spent auto-exploring this place.
 F = Levels seen in this place.
 G = Mean time per level.
                   A        B        C        D        E       F      G
               +--------+--------+--------+--------+--------+-----+--------+
         Total |   1538 |   1449 |     89 |      0 |   1091 |   3 |  512.7 |
       Dungeon |   1538 |   1449 |     89 |      0 |   1091 |   3 |  512.7 |
               +--------+--------+--------+--------+--------+-----+--------+

Top non-repeatable levels by time:
     D:1: 791 daAuts
     D:2: 676 daAuts
     D:3: 71 daAuts
